 Dungeon Crawl Stone Soup version 0.25-a0-589-g1e14c549ee (webtiles) character file.

Game seed: 109870309962124201, levelgen mode: deterministic

424 Lentor the Chopper (level 6, -3/48 HPs)
             Began as a Demonspawn Fighter on Mar 9, 2020.
             Slain by an orc priest
             ... wielding a +0 flail
              (5 damage)
             ... on level 3 of the Dungeon.
             The game lasted 00:06:41 (2703 turns).

Lentor the Chopper (Demonspawn Fighter)             Turns: 2703, Time: 00:06:43

Health: -3/48      AC:  8    Str: 18    XL:     6   Next: 64%
Magic:  6/6        EV:  7    Int:  9    God:
Gold:   137        SH:  9    Dex: 13    Spells: 5/5 levels left

rFire    . . .     SeeInvis .   a - +0 war axe
rCold    . . .     Gourm    .   c - +0 kite shield
rNeg     . . .     Faith    .   b - +0 scale mail
rPois    .         Spirit   .   (helmet restricted)
rElec    .         Reflect  .   (no cloak)
rCorr    .         Harm     .   (no gloves)
MR       .....                  (no boots)
Stlth    ..........             (no amulet)
HPRegen  0.16/turn              (no ring)
MPRegen  0.10/turn              (no ring)

@: no status effects
A: horns 1, yellow scales 1
a: no special abilities


You were on level 3 of the Dungeon.
You were not hungry.

You visited 1 branch of the dungeon, and saw 3 of its levels.

You collected 137 gold pieces.

Inventory:

Hand Weapons
 a - a +0 war axe (weapon)
Armour
 b - a +0 scale mail (worn)
 c - a +0 kite shield (worn)
Scrolls
 d - a scroll of fear {unknown}
 e - 3 scrolls of identify {unknown}
 h - a scroll of enchant armour {unknown}
 i - a scroll of teleportation {unknown}
 m - a scroll of enchant weapon {unknown}
 o - a scroll of remove curse {unknown}
 r - 2 scrolls of noise {unknown}
Potions
 g - 2 potions of brilliance
 j - a potion of berserk rage
 k - a potion of curing {unknown}
 l - a potion of degeneration {unknown}
 n - a potion of resistance {unknown}
 p - a potion of lignification {unknown}
Comestibles
 f - 5 rations


   Skills:
 + Level 3.8 Fighting
 + Level 4.7 Axes
 + Level 3.5 Armour
 + Level 1.2 Dodging
 + Level 0.2 Stealth
 + Level 3.8 Shields


You had 5 spell levels left.
You didn't know any spells.
Your spell library was empty.

Dungeon Overview and Level Annotations

Branches:
Dungeon (3/15)

Altars:
Ashenzari
Trog


Innate Abilities, Weirdness & Mutations

You have a pair of small horns on your head.
You are partially covered in yellow scales. (AC +2)


Message History

The orc priest mumbles some strange prayers to Beogh against you.
Beogh smites you!
* * * LOW HITPOINT WARNING * * *
You block the orc priest's attack.
You closely miss the orc priest.
The orc priest is moderately wounded.
The orc priest barely misses you.
You completely miss the orc priest.
The orc priest is moderately wounded.
You block the orc priest's attack.
You hit the orc priest.
The orc priest is moderately wounded.
The orc priest barely misses you.
Your shield prevents you from hitting the orc priest.
The orc priest is moderately wounded.
The orc priest invokes the aid of Beogh against you.
Pain shoots through your body!
* * * LOW HITPOINT WARNING * * *
The orc priest hits you with a +0 flail.
You die...

#####.#.#.#
#..†..# #.#...#
#####.#####
#.##..# #.....#
#.#...# #.#####
#.#...###.###
#.#..>#...†.######
###
#.###.#.#.#......#
..# #.#
#.#.#.######.###
#.###.# #.#
#...@o......
......# #.#
########.###
#########.#
..........#
###########


You could see an orc priest.

Vanquished Creatures
  A bullfrog (D:3)
  3 orc priests (D:3)
  2 orc wizards (D:3)
  Natasha (thrice) (D:2)
  7 adders
  2 worms (D:2)
  2 leopard geckos
  6 orcs (D:3)
  A ball python (D:3)
  A giant cockroach (D:1)
  13 goblins
  9 hobgoblins
  3 jackals (D:3)
  11 kobolds
  A quokka (D:2)
  3 bats
  4 frilled lizards
  9 rats
81 creatures vanquished.

Notes
Turn   | Place    | Note
-------+----------+-------------------------------------------
     0 | D:1      | Lentor the Demonspawn Fighter began the quest for the Orb.
     0 | D:1      | Reached XP level 1. HP: 18/18 MP: 1/1
    42 | D:1      | Found a shattered altar of Ashenzari.
   288 | D:1      | Reached skill level 2 in Axes
   349 | D:1      | Gained mutation: You are partially covered in yellow
                  | scales. (AC +2) [demonic ancestry]
   349 | D:1      | Reached XP level 2. HP: 24/24 MP: 2/2
   842 | D:2      | Reached XP level 3. HP: 24/29 MP: 3/3
   863 | D:2      | Found a bloodstained altar of Trog.
   999 | D:2      | Noticed Natasha
  1006 | D:2      | Killed Natasha
  1064 | D:2      | Gained mutation: You have a pair of small horns on your
                  | head. [demonic ancestry]
  1064 | D:2      | Reached XP level 4. HP: 26/35 MP: 4/4
  1072 | D:2      | Noticed Natasha
  1086 | D:2      | Killed Natasha
  1086 | D:2      | Reached skill level 3 in Axes
  1091 | D:2      | Noticed Natasha
  1096 | D:2      | Killed Natasha
  1358 | D:2      | Found a faded altar of an unknown god.
  1627 | D:2      | Reached XP level 5. HP: 41/41 MP: 5/5
  1629 | D:2      | Reached skill level 1 in Dodging
  1821 | D:3      | HP: 1/41 [something/puff of flame (7)]
  1826 | D:3      | Reached skill level 4 in Axes
  2230 | D:3      | Reached XP level 6. HP: 37/47 MP: 6/6
  2703 | D:3      | HP: 2/48 [orc priest/nerve-wracking pain (11)]
  2703 | D:3      | Slain by an orc priest

Levels and vault maps discovered:
D:1:      dpeg_arrival_water_altar, layout_loops_corners, ashenzari_altar_1
D:2:      layout_loops_ring, lightli_temple_of_fire,
          chequers_ecumenical_altar_lobes, first_ration, uniq_natasha
D:3:      layout_basic

Skill      XL: |  1  2  3  4  5 |
---------------+----------------+-----
Axes           | 2 3 4 |  4.7
Shields        | 3 |  3.8
Armour         | 3 |  3.5
Dodging        | 1 |  1.2
Fighting       | |  3.8
Stealth        | |  0.2

Action                   |  1- 3 |  4- 6 || total
-------------------------+-------+-------++-------
Melee: War axe           |    84 |   176 ||   260
       Headbutt          |       |    24 ||    24
  Use: Potion            |     1 |     3 ||     4
  Eat: Chunk             |     1 |     5 ||     6
Armor: Scale mail        |    46 |    70 ||   116
Dodge: Dodged            |    21 |    68 ||    89
Block: Kite shield       |    41 |    89 ||   130

Table legend:
 A = Non-vault XP
 B = Vault XP
 C = Vault XP percentage of total XP
 D = Non-vault monster count
 E = Vault monster count
 F = Vault count percentage of total count
                 A         B        C        D         E       F
            +---------+---------+-------+---------+---------+-------
      Total |     572 |      35 |   5.8 |      80 |       1 |   1.2
            +---------+---------+-------+---------+---------+-------
        D:1 |      33 |       0 |   0.0 |      20 |       0 |   0.0
        D:2 |     156 |      35 |  18.3 |      30 |       1 |   3.2
        D:3 |     383 |       0 |   0.0 |      30 |       0 |   0.0
            +---------+---------+-------+---------+---------+-------
